 Dungeon Crawl Stone Soup version 0.29.1-1-gd02db6906a (webtiles) character file.

Game seed: 8938888487798534428

65 RascalDebosk the Conjurer (level 3, -6/19 HPs)
             Began as a Deep Elf Conjurer on Oct 8, 2022.
             Killed from afar by Natasha (10 damage)
             ... with a magic dart
             ... on level 2 of the Dungeon.
             The game lasted 00:10:48 (1921 turns).

RascalDebosk the Conjurer (Deep Elf Conjurer)       Turns: 1921, Time: 00:10:49

Health: -6/19      AC:  2    Str:  4    XL:     3   Next: 92%
Magic:  7/10       EV: 12    Int: 24    God:
Gold:   52         SH:  0    Dex: 13    Spells: 3/9 levels left

rFire   . . .      SeeInvis .   g - +2 dagger (venom)
rCold   . . .      Faith    .   (no shield)
rNeg    . . .      Spirit   .   a - +0 robe
rPois   .          Reflect  .   (no helmet)
rElec   .          Harm     .   (no cloak)
rCorr   .          Rampage  .   (no gloves)
Will    .....                   (no boots)
Stlth   ++........              (no amulet)
HPRegen 0.06/turn               (no ring)
MPRegen 0.12/turn               (no ring)

@: no status effects
A: no striking features
a: no special abilities


You were on level 2 of the Dungeon.
You visited 1 branch of the dungeon, and saw 2 of its levels.

You collected 52 gold pieces.

Inventory:

Hand Weapons
 g - a +2 dagger of venom (weapon)
 s - a +0 dagger
Armour
 a - a +0 robe (worn)
Jewellery
 e - a ring of fire
Scrolls
 f - a scroll of identify {unknown}
 h - a scroll of butterflies {unknown}
 i - a scroll of noise {unknown}
Potions
 b - a potion of magic
 c - a potion of resistance {unknown}
 d - 2 potions of heal wounds {unknown}


   Skills:
 - Level 3.0 Dodging
 + Level 3.2 Stealth
 + Level 3.5 Spellcasting
 + Level 4.7 Conjurations
 + Level 1.6 Hexes
 + Level 1.4 Translocations


You had 3 spell levels left.
You knew the following spells:

 Your Spells              Type           Power      Damage    Failure   Level
a - Magic Dart            Conj           100%       1d8       1%          1
b - Searing Ray           Conj           54%        2d6       2%          2
c - Dazzling Flash        Conj/Hex       38%        N/A       9%          3

Your spell library contained the following spells:

 Spells                   Type           Power      Damage    Failure   Level
 Mephitic Cloud           Conj/Pois/Air  11%        N/A       16%         3
 Ignite Poison            Fire/Tmut/Pois 4%         N/A       30%         3
 Fulminant Prism          Conj/Hex       9%         3d7       28%         4
 Iskenderun's Mystic Bla  Conj/Tloc      19%        2d6       28%         4
 Freezing Cloud           Conj/Ice/Air   5%         6-21      83%         5


Dungeon Overview and Level Annotations

Branches:
Dungeon (2/15)

Altars:

Annotations:
D:2 Natasha


Message History

Aim: an adder (moderately wounded, 100% to hit)
The magic dart hits the adder.
The adder is severely wounded.
* * * LOW MAGIC WARNING * * *
Aiming: Magic Dart (safe; 1% risk of failure)
Press: ? - help, Q - select action, (/) - cycle Shift-Dir - straight line, f/p - adder
Aim: an adder (severely wounded, 100% to hit)
The magic dart hits the adder!
You kill the adder!
* * * LOW MAGIC WARNING * * *
Aiming: Magic Dart (safe; 1% risk of failure)
Press: ? - help, Q - select action, (/) - cycle Shift-Dir - straight line, f - you
Okay, then.
Your magical contamination has completely faded away.
You see here a +0 club.
You see here a +0 leather armour.
A quokka comes into view.
Aiming: Magic Dart (safe; 1% risk of failure)
Press: ? - help, Q - select action, (/) - cycle Shift-Dir - straight line, f - quokka
Aim: a quokka (100% to hit)
The magic dart hits the quokka!
You kill the quokka!
You now have 15 gold pieces (gained 8).
You now have 30 gold pieces (gained 15).
A hobgoblin comes into view.
Aiming: Magic Dart (safe; 1% risk of failure)
Press: ? - help, Q - select action, (/) - cycle Shift-Dir - straight line, f - hobgoblin
Aim: a hobgoblin (asleep, 100% to hit)
The magic dart hits the hobgoblin!
You kill the hobgoblin!
You see here a hobgoblin corpse.
Found a stone staircase leading down.
Found a ring mail.
There is a stone staircase leading down here.
Found 5 boomerangs.
You see here a +0 ring mail.
You now have 46 gold pieces (gained 16).
You see here 5 boomerangs.
An endoplasm comes into view.
Aiming: Magic Dart (safe; 1% risk of failure)
Press: ? - help, Q - select action, (/) - cycle Shift-Dir - straight line, f - endoplasm
Aim: an endoplasm (asleep, 100% to hit)
The magic dart hits the endoplasm.
The endoplasm is lightly wounded.
The endoplasm quivers.
Aiming: Magic Dart (safe; 1% risk of failure)
Press: ? - help, Q - select action, (/) - cycle Shift-Dir - straight line, f/p - endoplasm
Aim: an endoplasm (lightly wounded, 100% to hit)
The magic dart hits the endoplasm but does no damage.
The endoplasm is lightly wounded.
Aiming: Magic Dart (safe; 1% risk of failure)
Press: ? - help, Q - select action, (/) - cycle Shift-Dir - straight line, f/p - endoplasm
Aim: an endoplasm (lightly wounded, 100% to hit)
The magic dart hits the endoplasm but does no damage.
The endoplasm is lightly wounded.
Aiming: Magic Dart (safe; 1% risk of failure)
Press: ? - help, Q - select action, (/) - cycle Shift-Dir - straight line, f/p - endoplasm
Aim: an endoplasm (lightly wounded, 100% to hit)
The magic dart hits the endoplasm.
You kill the endoplasm!
Aiming: Magic Dart (safe; 1% risk of failure)
Press: ? - help, Q - select action, (/) - cycle Shift-Dir - straight line, f - you
Okay, then.
Found a stone staircase leading up.
Found a stone staircase leading down.
There is a stone staircase leading down here.
i - a scroll labelled FIHALO ILUGU You now have 52 gold pieces (gained 6).
Natasha, Servant of Life and Death comes into view.
Natasha hisses angrily.
Casting: Magic Dart (safe; 1% risk of failure)
Confirm with . or Enter, or press ? or * to list all spells.
The spell is extremely dangerous to miscast (9% risk of failure)!
Continue anyway?
Casting: Dazzling Flash (extremely dangerous; 9% risk of failure)
Press: ? - help, Dir - look around, f - activate Natasha is dazzled.
Natasha casts a spell at you. The magic dart hits you.
You hit Natasha.
Natasha is poisoned.
Natasha is moderately wounded.
Natasha closely misses you.
You hit Natasha.
Natasha looks even sicker.
Natasha is heavily wounded.
Natasha closely misses you.
You hit Natasha.
Natasha looks as sick as possible!
Natasha is severely wounded.
Natasha is no longer blind.
Natasha stares at you and mumbles some strange words.
The magic dart hits you.
* * * LOW HITPOINT WARNING * * *
You closely miss Natasha.
Natasha is severely wounded.
Natasha claws you.
* * * LOW HITPOINT WARNING * * *
You hit Natasha but do no damage.
Natasha looks as sick as possible!
Natasha is almost dead.
Natasha casts a spell at you. The magic dart hits you!
Ouch! That really hurt!
You die...

##.##.#####.##†.###
#... #.##..# #..#
####.##..# #..#
#........# # #..#
#.#####..#
#.#..#####.# #..#
#..........# #..###
#h#####.# #.....
#@# #.#####..# #.#
#........# #.#
####.###.# #.## #.#
#..# #.# #..#
##.###.###
#..######.........
#..........#######
##.#######.#


You could see Natasha (extremely poisoned).

Vanquished Creatures
  An adder (D:2)
  A dart slug (D:1)
  4 orcs (D:2)
  2 bats (D:1)
  4 endoplasms
  8 goblins
  3 hobgoblins
  3 quokkas
  6 ball pythons
  A frilled lizard (D:1)
  6 kobolds
  4 rats
43 creatures vanquished.

Notes
Turn   | Place    | Note
-------+----------+-------------------------------------------
     0 | D:1      | RascalDebosk the Deep Elf Conjurer began the quest for the
                  | Orb.
     0 | D:1      | Reached XP level 1. HP: 10/10 MP: 6/6
   130 | D:1      | Reached XP level 2. HP: 15/15 MP: 0/8
   144 | D:1      | Learned a level 2 spell: Searing Ray
   581 | D:1      | Reached skill level 1 in Hexes
   684 | D:1      | Reached skill level 1 in Translocations
   851 | D:1      | Reached XP level 3. HP: 19/19 MP: 7/9
   991 | D:1      | Learned a level 3 spell: Dazzling Flash
  1914 | D:2      | Noticed Natasha
  1921 | D:2      | Killed from afar by Natasha

Illustrated notes

Levels and vault maps discovered:
D:1:      scummos_arrival_checkerplants, layout_basic
D:2:      layout_loops_ring, lexackson_kobold_supper, uniq_natasha

Skill      XL: |  1  2  3 |
---------------+----------+-----
Hexes          | 1 |  1.6
Translocations | 1 |  1.4
Stealth        | 3 |  3.2
Dodging        | 3 |  3.0
Spellcasting   | |  3.5
Conjurations   | |  4.7

Action                   || total
-------------------------++-------
Melee: Dagger            ||     5
 Cast: Magic Dart        ||    78
       Dazzling Flash    ||     1
       Searing Ray       ||     1
Dodge: Dodged            ||     6
